 Dungeon Crawl Stone Soup version 0.28-a0-1435-g82390b3a13 (webtiles) character file.

Game seed: 18128638898410139900

12186 frimble the Fighter (level 11, -2/95 HPs)
             Began as a Demonspawn Warper on Jan 9, 2022.
             Was an Initiate of Cheibriados.
             Slain by a five-headed hydra (6 damage)
             ... on level 11 of the Dungeon on Jan 10, 2022.
             The game lasted 00:23:18 (16019 turns).

frimble the Fighter (Demonspawn Warper)            Turns: 16019, Time: 00:23:18

Health: -2/95      AC:  8    Str: 19    XL:     11   Next: 59%
Magic:  0/15       EV: 13    Int: 19    God:    Cheibriados [......]
Gold:   753        SH:  5    Dex: 14    Spells: 6/16 levels left

rFire   + + .      SeeInvis .   d - +8 woodcutter's axe {vorpal}
rCold   + . .      Faith    .   g - +0 buckler
rNeg    + . .      Spirit   +   I - +3 leather armour {rN+}
rPois   .          Reflect  .   p - +1 hat
rElec   .          Harm     .   w - scarf {rC+ rF+}
rCorr   .          Rampage  .   h - +0 pair of gloves
Will    .....                   (no boots)
Stlth   +++.......              (no amulet)
HPRegen 0.25/turn               i - ring of protection from fire
MPRegen 0.28/turn               t - +6 ring of strength

@: on blink cooldown, very slow
A: claws 2, magic shield, magic regeneration, demonic magic 2, horns 1
a: Renounce Religion


You were on level 11 of the Dungeon.
You worshipped Cheibriados.
Cheibriados was noncommittal.
You visited 2 branches of the dungeon, and saw 12 of its levels.
You also visited: Ossuary and Bailey.

You collected 753 gold pieces.

Inventory:

Hand Weapons
 d - the +8 woodcutter's axe (weapon) {vorpal}
   (You found it on level 2 of the Dungeon)

   It inflicts extra damage upon your enemies.
 j - a +1 dagger of pain
Missiles
 x - 4 throwing nets
 y - 5 boomerangs (quivered)
 H - 2 curare-tipped darts
 O - 2 javelins
Armour
 g - a +0 buckler (worn)
 h - a +0 pair of gloves (worn)
 l - the +2 helmet of the Vestibule of Hell {rElec Will+ Int-3}
   (You found it on level 9 of the Dungeon)

   Int:       It affects your intelligence (-3).
   rElec:     It insulates you from electricity.
   Will:      It increases your willpower.
 p - a +1 hat (worn)
 s - +0 storm dragon scales
 w - a scarf of resistance (worn)
 I - a +3 leather armour of positive energy (worn)
Jewellery
 i - a ring of protection from fire (left hand)
 t - a +6 ring of strength (right hand)
 K - a +6 ring of intelligence
Wands
 v - a wand of iceblast (20)
 F - a wand of charming (6)
 J - a wand of acid (1)
Scrolls
 a - 3 scrolls of identify
 b - 2 scrolls of fear
 c - a scroll of blinking
 e - 3 scrolls of amnesia
 r - 6 scrolls of teleportation
 D - a scroll of enchant weapon {unknown}
 E - a scroll of vulnerability {unknown}
 G - a scroll of enchant armour {unknown}
 M - a scroll of immolation
 N - a scroll of fog
Potions
 f - 4 potions of curing
 k - 3 potions of attraction
 m - a potion of cancellation
 n - a potion of haste
 o - a potion of flight {unknown}
 q - 2 potions of lignification {unknown}
 z - a potion of might {unknown}
 B - 4 potions of invisibility {unknown}
 C - a potion of brilliance {unknown}
 L - a potion of ambrosia {unknown}
Miscellaneous
 A - a condenser vane (inert)


   Skills:
 - Level 12.0 Fighting
 - Level 3.0 Short Blades
 + Level 1.3 Throwing
 - Level 5.0 Armour
 - Level 5.0 Dodging
 - Level 5.0 Stealth
 - Level 4.0 Shields
 - Level 3.0 Spellcasting
 + Level 2.5 Necromancy
 - Level 7.0 Translocations
 + Level 3.4 Invocations
 - Level 5.0 Evocations


You had 6 spell levels left.
You knew the following spells:

 Your Spells              Type           Power      Damage    Failure   Level
a - Blink                 Tloc           58%        N/A       1%          2
b - Gell's Gravitas       Tloc           29%        N/A       3%          3
c - Borgnjor's Vile Clut  Necr/Erth      3%         N/A       98%         5

Your spell library contained the following spells:

 Spells                   Type           Power      Damage    Failure   Level
 Lesser Beckoning         Tloc           29%        N/A       3%          3
 Teleport Other           Tloc           29%        N/A       3%          3
 Magic Dart               Conj           8%         1d3       22%         1
 Searing Ray              Conj           4%         2d4       34%         2
 Manifold Assault         Tloc           29%        N/A       34%         5
 Conjure Flame            Conj/Fire      2%         6-21      56%         3
 Dazzling Flash           Conj/Hex       4%         N/A       56%         3
 Ignite Poison            Fire/Tmut/Pois 2%         N/A       56%         3
 Animate Dead             Necr           6%         N/A       63%         4
 Fulminant Prism          Conj/Hex       1%         3d6       92%         4
 Sticky Flame             Conj/Fire      2%         2d3       92%         4
 Yara's Violent Unravell  Hex/Tmut       1%         3d3       99%         5
 Death Channel            Necr           6%         N/A       100%        6


Dungeon Overview and Level Annotations

Branches:
Dungeon (11/15)            Temple (1/1) D:7            Lair (0/6) D:11
    Orc (0/2) D:10        Ossuary (visited)          Bailey (visited)

Altars:
Ashenzari
Cheibriados
Dithmenos
Elyvilon
Fedhas
Gozag
Hepliaklqana
Kikubaaqudgha
Makhleb
Nemelex Xobeh
Okawaru
Qazlal
Ru
Sif Muna
Trog
Uskayaw
Vehumet
Wu Jian
Xom
Yredelemnul
Zin
The Shining One

Annotations:
D:11 1 transporter, Pooter's ghost, journeyman MiBe


Innate Abilities, Weirdness & Mutations

You have very sharp fingernails.
When hurt, damage is shared between your health and your magic reserves.
You regenerate magic rapidly.
Spells you cast may paralyse nearby enemies.
You have a pair of small horns on your head.


Message History

Aim: a five-headed hydra (severely wounded, 81% to hit)
You throw a boomerang.
The boomerang hits the five-headed hydra!
The five-headed hydra is severely wounded.
You feel stable enough to blink again.
The five-headed hydra bites you but does no damage. x2
The five-headed hydra closely misses you.
You block the five-headed hydra's attack.
The five-headed hydra bites you.
Throw: 5 boomerangs
Press: ? - help, Q - select action, (/) - cycle Shift-Dir - straight line, f/p - five-headed hydra
Aim: a five-headed hydra (severely wounded, 81% to hit)
You throw a boomerang.
The boomerang hits the five-headed hydra but does no damage.
The five-headed hydra is severely wounded.
The five-headed hydra bites you. x2
The five-headed hydra bites you but does no damage.
The five-headed hydra bites you!
* * * LOW HITPOINT WARNING * * *
The five-headed hydra bites you.
* * * LOW HITPOINT WARNING * * *
Casting: Blink (safe; 1% risk of failure)
Confirm with . or Enter, or press ? or * to list all spells.
You blink.
Malevolent energies surge around you.
Throw: 5 boomerangs
Press: ? - help, Q - select action, (/) - cycle Shift-Dir - straight line, f/p - five-headed hydra
Aim: a five-headed hydra (severely wounded, 81% to hit)
You throw a boomerang.
The boomerang hits the five-headed hydra but does no damage.
The five-headed hydra is severely wounded.
The five-headed hydra completely misses you.
You block the five-headed hydra's attack. x2
The five-headed hydra bites you!
* * * LOW HITPOINT WARNING * * *
The five-headed hydra misses you.
You block the five-headed hydra's attack.
The five-headed hydra misses you. The five-headed hydra bites you.
* * * LOW HITPOINT WARNING * * *
The five-headed hydra bites you!
You die...

#.##.........##
#.####.....###
########.†.......##
###........#.......#
###..(########.......#
#####...### #.......#
###.....#########
####.####
............§.D.## #.#
...©........###@.# #.#
########.........# ##.#
8.?|).8##.....#### #..#
......[T#..##....## #.##
#.....#W#..#####.(## #.#
.#...#.W#......##..###.#
.$..©....#..#######§..#.#
..#...#..#..# ###.#.#
.#.....#.#..# #.#.#


You could see a five-headed hydra.

Vanquished Creatures
  Gastronok (D:9)
  Josephine (D:10)
  A two-headed ogre (D:10)
  Nergalle (D:10)
  2 centaur zombies (D:11)
  Joseph (D:9)
  A gargoyle (D:11)
  A komodo dragon (D:11)
  The ghost of AbsoluteStateOfPlay the Chopper, an amateur DDFi (D:4)
  A shadow (D:10)
  A vampire (D:11)
  4 wraiths (D:10)
  2 wyverns
  6 yaks (D:10)
  Grum (Bailey)
  2 steam dragons
  2 wargs (D:10)
  The ghost of HallandMoats the Skirmisher, an amateur DsFi of Hepliaklqana (D:4)
  A water moccasin (D:8)
  3 orc warriors
  A sky beast (D:5)
  2 ice beasts
  2 ogres
  2 centaurs (D:10)
  7 wolves (Bailey)
  A phantom (D:5)
  3 kobold brigands
  A bullfrog (D:7)
  6 gnoll sergeants
  3 water moccasin zombies (Ossuary)
  A water moccasin skeleton (D:5)
  6 killer bees (D:8)
  7 howler monkeys
  2 jellies
  7 orc priests
  5 hounds
  8 gnoll shamans
  A bullfrog skeleton (D:5)
  3 centaur skeletons
  9 orc wizards
  Natasha (thrice) (D:3)
  An iguana (D:5)
  3 mummies
  Robin (D:2)
  A howler monkey skeleton (D:7)
  28 gnolls
  9 adders
  A white imp (D:7)
  An ufetubus (D:4)
  2 adder zombies (Ossuary)
  2 adder skeletons (D:4)
  2 dart slugs
  37 orcs
  2 ball pythons (D:2)
  4 bats
  9 endoplasms
  5 giant cockroaches
  3 gnoll zombies (Ossuary)
  20 goblins
  7 hobgoblins
  6 jackals
  4 quokkas
  4 frilled lizards
  3 hobgoblin zombies (Ossuary)
  24 kobolds
  3 kobold zombies (Ossuary)
  7 orc zombies (Ossuary)
  A rat (D:3)
304 creatures vanquished.

Vanquished Creatures (collateral kills)
  A gnoll sergeant (Bailey)
  A gnoll shaman (Bailey)
2 creatures vanquished.

Vanquished Creatures (others)
  73 plants
  6 withered plants (D:4)
79 creatures vanquished.

Grand Total: 385 creatures vanquished

Notes
Turn   | Place    | Note
-------+----------+-------------------------------------------
     0 | D:1      | frimble the Demonspawn Warper began the quest for the Orb.
     0 | D:1      | Reached XP level 1. HP: 16/16 MP: 3/3
    39 | D:1      | Reached skill level 1 in Throwing
    51 | D:1      | Reached skill level 1 in Armour
   406 | D:1      | Gained mutation: Spells you cast may paralyse adjacent
                  | enemies. [demonic ancestry]
   406 | D:1      | Reached XP level 2. HP: 4/22 MP: 5/5
   783 | D:1      | Learned a level 2 spell: Blink
  1596 | D:2      | Found a faded altar of an unknown god.
  1784 | D:3      | Noticed Robin
  1820 | D:2      | Reached XP level 3. HP: 15/27 MP: 6/6
  1828 | D:2      | Learned a level 3 spell: Gell's Gravitas
  2016 | D:2      | Killed Robin
  2188 | D:2      | Reached skill level 1 in Shields
  2886 | D:2      | Reached XP level 4. HP: 27/33 MP: 7/7
  3028 | D:2      | Gained mutation: You have a pair of small horns on your
                  | head. [potion of mutation]
  3535 | D:2      | Noticed a gnoll sergeant
  3535 | D:2      | Found the +8 woodcutter's axe {vorpal}
  3550 | D:2      | Killed a gnoll sergeant
  3551 | D:2      | Gained mutation: You regenerate magic rapidly. [demonic
                  | ancestry]
  3551 | D:2      | Reached XP level 5. HP: 30/38 MP: 5/8
  3968 | D:3      | Noticed Natasha
  3973 | D:3      | Killed Natasha
  4088 | D:3      | Gained mutation: When hurt, damage is shared between your
                  | health and your magic reserves. [demonic ancestry]
  4088 | D:3      | Reached XP level 6. HP: 44/44 MP: 9/9
  4206 | D:3      | Noticed Natasha
  4214 | D:3      | Killed Natasha
  4251 | D:3      | Noticed Natasha
  4257 | D:3      | Killed Natasha
  4510 | D:3      | Found a bloodstained altar of Trog.
  5155 | D:4      | Found a basalt altar of Yredelemnul.
  5219 | D:4      | Found a runed translucent gate.
  5219 | D:4      | Found a runed translucent gate.
  5219 | D:4      | Found a runed translucent gate.
  5224 | D:4      | Noticed AbsoluteStateOfPlay's ghost (amateur DDFi)
  5224 | D:4      | Noticed HallandMoats's ghost (amateur DsFi)
  5384 | D:4      | Reached skill level 5 in Translocations
  5384 | D:4      | Gained mutation: You have sharp fingernails. [demonic
                  | ancestry]
  5384 | D:4      | Reached XP level 7. HP: 27/50 MP: 6/10
  6145 | D:5      | Entered Level 5 of the Dungeon
  6157 | D:5      | Found a sand-covered staircase.
  6166 | Ossuary  | Entered an ossuary
  6297 | Ossuary  | Reached skill level 1 in Evocations
  6311 | Ossuary  | Reached skill level 1 in Stealth
  6592 | D:4      | Killed AbsoluteStateOfPlay's ghost
  6592 | D:4      | Killed HallandMoats's ghost
  6593 | D:4      | Reached skill level 3 in Fighting
  6593 | D:4      | Gained mutation: You have very sharp fingernails. [demonic
                  | ancestry]
  6593 | D:4      | Reached XP level 8. HP: 20/58 MP: 1/12
  7515 | D:5      | Found a hazy altar of Hepliaklqana.
  7902 | D:6      | Reached XP level 9. HP: 65/65 MP: 13/13
  8034 | D:6      | Reached skill level 4 in Fighting
  8661 | D:7      | Found a staircase to the Ecumenical Temple.
  8751 | D:7      | Found a flagged portal.
  8754 | D:7      | Identified the +1 leather armour of Uddithui {rF+ Dex+4}
  8762 | Bailey   | Entered a bailey
  9289 | Bailey   | Noticed Grum
  9734 | Bailey   | Reached skill level 5 in Fighting
  9738 | Bailey   | Reached skill level 5 in Dodging
  9764 | Bailey   | Reached skill level 5 in Evocations
 10061 | Bailey   | Reached skill level 5 in Stealth
 10070 | Bailey   | Killed Grum
 10071 | Bailey   | Reached XP level 10. HP: 36/74 MP: 7/14
 10503 | D:7      | Found a stormy altar of Qazlal.
 10647 | D:7      | Reached skill level 5 in Armour
 10918 | Temple   | Entered the Ecumenical Temple
 11240 | D:8      | Reached skill level 6 in Fighting
 11871 | D:8      | You fall into a shaft and drop 1 floor!
 11871 | D:9      | Noticed Gastronok
 11890 | D:9      | Killed Gastronok
 11891 | D:9      | Reached skill level 8 in Fighting
 12746 | D:9      | Got the Almanac of Enchantment and Evil
 13166 | D:9      | Noticed Joseph
 13365 | D:9      | Killed Joseph
 13366 | D:9      | Reached skill level 9 in Fighting
 13620 | D:9      | Identified the +2 helmet of the Vestibule of Hell {rElec
                  | Will+ Int-3}
 13814 | D:10     | Entered Level 10 of the Dungeon
 13886 | D:10     | Noticed Nergalle
 13897 | D:10     | Noticed Josephine
 13899 | D:10     | Killed Nergalle
 13900 | D:10     | Reached skill level 10 in Fighting
 13926 | D:10     | Killed Josephine
 13927 | D:10     | Gained mutation: Spells you cast may paralyse nearby
                  | enemies. [demonic ancestry]
 13927 | D:10     | Reached XP level 11. HP: 34/92 MP: 10/15
 14342 | D:10     | Reached skill level 11 in Fighting
 14702 | D:10     | Found a staircase to the Orcish Mines.
 14731 | D:10     | Found a snail-covered altar of Cheibriados.
 14737 | D:10     | Noticed a two-headed ogre
 14751 | D:10     | Killed a two-headed ogre
 14757 | D:10     | Became a worshipper of Cheibriados the Contemplative
 15229 | D:10     | Reached skill level 1 in Invocations
 15371 | D:10     | Learned a level 5 spell: Borgnjor's Vile Clutch
 15502 | D:11     | Reached skill level 1 in Necromancy
 15587 | D:11     | Found a transporter.
 15587 | D:11     | Noticed Pooter's ghost (journeyman MiBe)
 15723 | D:11     | Noticed a five-headed hydra
 15843 | D:11     | Reached skill level 12 in Fighting
 15868 | D:11     | Found a staircase to the Lair.
 16019 | D:11     | HP: 4/95 [five-headed hydra (5)]
 16019 | D:11     | Slain by a five-headed hydra

Illustrated notes

Levels and vault maps discovered:
D:1:      heliophobic_arrival_battle_scene, layout_loops_ring, serial_bayou,
          serial_bayou_shore_b, serial_bayou_pond_a, serial_bayou_pond_c,
          serial_bayou_pond_b, serial_bayou_shore_b, serial_bayou_lagoon_a
D:2:      layout_basic, basic_ecumenical_altar, pf_guarded_unrand_woodcutter
D:3:      layout_basic, trog_butcher_becter, serial_bayou,
          serial_bayou_crossing, serial_bayou_pond_b, serial_bayou_pond_a,
          serial_bayou_pond_d, serial_bayou_pond_e, moated_statue,
          corexii_item_surrounded_by_moat, corexii_item_surrounded_by_moat,
          uniq_natasha, uniq_robin
D:4:      layout_cave_pods, mainiacjoe_overflow_catwalk,
          gammafunk_ghost_cemetery, serial_forest, infiniplex_forest_straight_3,
          infiniplex_forest_clump_double, infiniplex_forest_clump_small,
          infiniplex_forest_lined_room_, infiniplex_forest_lined_1,
          infiniplex_forest_clump_large, infiniplex_forest_lined_2,
          infiniplex_forest_lined_2, infiniplex_forest_straight_4,
          infiniplex_forest_end_3
D:5:      layout_gridville, marbit_many_paths, gup_ossuary_entry_pyramid,
          chequers_serial_rivers_large_a
D:6:      layout_basic
D:7:      layout_basic, overflow_temple_1_default, minmay_temple_entry_slanted,
          enter_bailey_7
D:8:      layout_rooms
D:9:      layout_roguey, uniq_gastronok, uniq_joseph, uniq_grum
D:10:     layout_loops_corners, mainiacjoe_overflow_cross_hatched, erik_orc_4,
          dk_noncrumbling_4, uniq_nergalle, uniq_josephine
D:11:     minmay_angry_zag, layout_rooms, david_lair_shrubbed,
          gammafunk_ghost_arena
Temple:   minmay_crystal_spiral_temple

Skill      XL: |  1  2  3  4  5  6  7  8  9 10 11 |
---------------+----------------------------------+-----
Throwing       | 1 |  1.3
Armour         | 1 2 4 5 |  5.0
Short Blades   | 2 3 |  3.0
Dodging        | 2 3 4 5 |  5.0
Shields        | 1 2 3 4 |  4.0
Translocations | 3 5 6 7 |  7.0
Evocations     | 2 3 5 |  5.0
Stealth        | 2 3 5 |  5.0
Fighting       | 3 5 10 12 | 12.0
Spellcasting   | 3 |  3.0
Invocations    | 3 |  3.4
Necromancy     | 2 |  2.5

Action                   |  1- 3 |  4- 6 |  7- 9 | 10-12 || total
-------------------------+-------+-------+-------+-------++-------
Melee: Short sword       |    66 |       |       |       ||    66
       Dagger            |   111 |    38 |       |       ||   149
       Headbutt          |       |    14 |    40 |    66 ||   120
       War axe           |       |    91 |   279 |   261 ||   631
       Punch             |       |     1 |       |       ||     1
Throw: Boomerang         |     5 |       |       |    13 ||    18
       Throwing net      |       |       |     3 |     5 ||     8
 Cast: Gell's Gravitas   |     2 |     2 |     1 |       ||     5
       Blink             |     1 |     5 |     7 |    11 ||    24
Evoke: Wand              |       |       |     9 |    10 ||    19
       Condenser vane    |       |       |       |     1 ||     1
  Use: Scroll            |     2 |     1 |    11 |     3 ||    17
       Potion            |     1 |     1 |     1 |     6 ||     9
 Stab: Paralysed         |       |     4 |     2 |       ||     6
       Distracted        |       |     1 |       |       ||     1
       Held in net/web   |       |       |     2 |     4 ||     6
       Sleeping          |       |       |       |     1 ||     1
Armor: Leather armour    |    44 |    25 |    17 |    38 ||   124
       Storm dragon scal |       |       |   111 |    42 ||   153
Dodge: Dodged            |    96 |    58 |   105 |   134 ||   393
Block: Buckler           |       |       |    69 |    71 ||   140

Table legend: (Time is in decaauts)
 A = Elapsed time spent in this place.
 B = Non-inter-level travel time spent in this place.
 C = Inter-level travel time spent in this place.
 D = Time resting spent in this place.
 E = Time spent auto-exploring this place.
 F = Levels seen in this place.
 G = Mean time per level.
                   A        B        C        D        E       F      G
               +--------+--------+--------+--------+--------+-----+--------+
         Total |  16305 |  15510 |    795 |   1232 |  11700 |  14 | 1164.6 |
       Dungeon |  14082 |  13371 |    711 |    554 |  10699 |  11 | 1280.2 |
        Temple |    211 |    127 |     84 |      0 |    112 |   1 |  211.0 |
       Ossuary |    299 |    299 |      0 |    109 |    110 |   1 |  299.0 |
        Bailey |   1711 |   1711 |      0 |    569 |    779 |   1 | 1711.0 |
               +--------+--------+--------+--------+--------+-----+--------+

Top non-repeatable levels by time:
     D:1: 2032 daAuts
     D:2: 1869 daAuts
    D:10: 1745 daAuts
  Bailey: 1711 daAuts
     D:4: 1668 daAuts
     D:8: 1358 daAuts
     D:5: 998 daAuts
     D:3: 992 daAuts
     D:9: 987 daAuts
     D:7: 911 daAuts
     D:6: 825 daAuts
    D:11: 691 daAuts
 Ossuary: 299 daAuts
  Temple: 211 daAuts
